Map: Buried Caverns

Players

Leiferon - Winner!

  • Race: Zerg Zerg
  • Spawn Location: 7:00

BlueHawk - Winner!

  • Race: Terran Terran
  • League: Bronze
  • Spawn Location: 9:00

DarkTemplar

  • Race: Protoss Protoss
  • League: Silver
  • Spawn Location: 5:00

fortes

  • Race: Zerg Zerg
  • League: Silver
  • Spawn Location: 3:00

Pryce - Winner!

  • Race: Protoss Protoss
  • Spawn Location: 9:00

bertman

  • Race: Terran Terran
  • Spawn Location: 3:00

VOD

Have the link to the VOD?

Description

Time

  • Played on: Sept. 28, 2018, 2:47 p.m.
  • Length: 17:02
Show
View Real Time Build Order
Export as new Build Order

Leiferon Zerg - Winner!

Build Orders: Pool First 

Get SALT Encoding   

  12  0:01  Drone  
  13  0:12  Drone  
  14  0:18  Overlord  
  14  0:36  Drone x2  
  14  0:37  Drone  
  17  0:47  Spawning Pool  
  17  0:50  Drone  
  17  1:02  Drone  
  18  1:10  Drone  
  19  1:20  Overlord  
  19  1:26  Extractor  
  18  1:42  Hatchery  
  18  1:43  Drone  
  18  1:44  Drone  
  18  1:45  Queen  
  21  1:52  Drone  
  22  2:04  Drone  
  23  2:14  Drone  
  24  2:26  Drone  
  25  2:30  Extractor  
  25  2:35  Drone  
  25  2:40  Metabolic Boost  
  25  2:45  Evolution Chamber  
  25  2:46  Overlord  
  24  2:57  Zergling x6  
  27  3:01  Drone  
  28  3:11  Queen  
  30  3:21  Zergling x2  
  30  3:22  Zergling x2  
  32  3:28  Zergling x4  
  32  3:29  Zergling x4  
  32  3:31  Zerg Melee Weapons Level 1  
  36  3:40  Drone x4  
  40  3:58  Zergling x2  
  40  4:00  Drone  
  42  4:04  Drone x2  
  44  4:18  Overlord  
  44  4:19  Overlord  
  44  4:21  Overlord x2  
  44  4:22  Overlord  
  44  4:43  Hatchery  
  42  4:57  Zergling x6  
  42  4:58  Zergling x6  
  48  5:23  Drone x3  
  48  5:24  Drone  
  50  5:45  Drone, Zergling x4  
  50  5:46  Zergling x2  
  50  6:02  Zergling x8  
  53  6:07  Drone, Overlord  
  53  6:08  Zergling x4  
  53  6:09  Queen  
  58  6:15  Extractor  
  58  6:17  Extractor  
  56  6:21  Queen  
  56  6:24  Lair  
  58  6:46  Burrow  
  58  7:00  Roach Warren  
  57  7:07  Drone x2  
  57  7:08  Drone x3  
  62  7:20  Zergling x10  
  61  7:46  Overseer  
  57  8:12  Spire  
  56  8:21  Drone x2  
  56  8:22  Drone x5  
  55  8:46  Drone x3  
  55  8:47  Drone  
  54  9:03  Drone x2  
  54  9:04  Drone  
  52  9:17  Evolution Chamber  
  45  9:26  Hatchery  
  41  9:43  Mutalisk x5  
  41  9:44  Mutalisk x4, Spire  
  58  9:58  Spawning Pool  
  55  10:23  Drone x2  
  55  10:24  Drone x3  
  60  10:35  Hatchery  
  60  10:37  Extractor  
  60  10:40  Extractor  
  57  10:50  Drone x5  
  62  11:01  Spore Crawler  
  62  11:03  Drone x5  
  66  11:04  Queen  
  66  11:05  Queen  
  66  11:07  Queen  
  72  11:18  Spore Crawler  
  72  11:21  Spore Crawler  
  72  11:22  Drone x2  
  72  11:27  Drone  
  72  11:28  Drone  
  74  11:41  Mutalisk x2  
  74  11:42  Mutalisk x4  
  78  12:58  Queen  
  72  13:05  Mutalisk x4  
  74  13:06  Mutalisk x6  
  94  13:21  Zerg Flyer Weapons Level 1  
  94  13:23  Zerg Ground Armor Level 1  
  94  13:33  Drone  
  95  13:34  Overlord x4  
  95  13:35  Overlord x3  
  95  13:48  Infestation Pit  
  95  13:51  Extractor  
  93  14:02  Drone x3  
  96  14:03  Drone x4, Mutalisk x2  
  96  14:04  Mutalisk x6  
  96  14:05  Mutalisk  
  118  14:51  Extractor  
  118  14:52  Extractor  
  116  14:55  Hive  
  116  15:17  Corruptor x3  
  116  15:18  Corruptor x6  
  116  15:19  Corruptor x6  
  116  15:20  Corruptor x2  
  140  16:19  Mutalisk x4  
  140  16:20  Mutalisk x2  
  152  16:33  Overlord x2  
  152  16:38  Overlord x6  
  152  16:39  Overlord x3  
Show
View Real Time Build Order
Export as new Build Order

BlueHawk Terran - Winner!

Build Orders: Reaper Expand 

Get SALT Encoding   

  12  0:09  Supply Depot  
  12  0:13  SCV  
  13  0:23  Refinery  
  13  0:26  SCV  
  14  0:42  Barracks  
  14  0:45  SCV  
  15  0:59  SCV  
  16  1:12  SCV  
  17  1:28  Orbital Command  
  17  1:31  Barracks Reactor  
  17  1:45  Factory  
  17  1:54  SCV  
  18  2:04  Refinery  
  18  2:07  SCV  
  19  2:09  Reaper  
  20  2:24  SCV  
  20  2:27  Command Center  
  21  2:30  Factory Tech Lab  
  21  2:38  Barracks  
  21  2:43  SCV, Supply Depot  
  22  3:04  Stimpack  
  22  3:05  Factory Tech Lab  
  22  3:06  Marine  
  22  3:12  SCV  
  24  3:27  SCV  
  24  3:34  Refinery  
  25  3:39  Siege Tank  
  25  3:40  Marine  
  29  3:49  SCV  
  29  3:53  Orbital Command  
  30  3:58  Marine  
  30  3:59  Marine x2  
  33  4:10  SCV  
  33  4:12  Siege Tank  
  33  4:16  Marine  
  38  4:17  Supply Depot  
  38  4:19  Supply Depot  
  38  4:22  SCV  
  38  4:24  SCV  
  40  4:32  Marine x2  
  40  4:34  SCV  
  43  4:42  Starport  
  43  4:44  SCV, Engineering Bay  
  44  4:45  Engineering Bay  
  44  4:47  Marine  
  44  4:51  SCV  
  44  4:52  Marine  
  47  4:58  SCV  
  48  5:03  SCV  
  48  5:06  Refinery, Marine x2  
  51  5:13  Terran Infantry Weapons Level 1, Terran Infantry Armor Level 1  
  51  5:15  Marine  
  51  5:18  Medivac  
  54  5:28  SCV x2  
  56  5:40  SCV  
  57  5:48  Command Center  
  57  5:49  SCV, Marine  
  58  5:52  SCV  
  60  6:08  Marine x2  
  62  6:16  SCV x2, Medivac, Siege Tank, Marine  
  70  6:28  Armory  
  70  6:30  Barracks  
  70  6:41  Supply Depot  
  70  6:43  Supply Depot  
  70  6:54  Starport Reactor  
  70  7:00  SCV x2, Marine x3  
  75  7:13  SCV x2  
  75  7:15  Orbital Command  
  77  7:18  Marine x3  
  80  7:27  SCV x2  
  82  7:32  Refinery  
  82  7:33  Refinery  
  82  7:34  Siege Tank  
  82  7:35  Marine x2  
  87  7:39  SCV  
  88  7:49  SCV  
  88  7:50  SCV  
  90  7:56  SCV  
  90  7:57  Marine x2  
  93  8:01  Missile Turret  
  93  8:02  Missile Turret  
  93  8:06  Siege Tank  
  93  8:09  Missile Turret x2  
  96  8:16  Missile Turret  
  96  8:17  SCV, Missile Turret  
  97  8:20  Missile Turret  
  97  8:27  Marine x3  
  97  8:28  Missile Turret  
  97  8:32  Missile Turret  
  97  8:33  Missile Turret  
  100  8:44  Marine  
  101  8:59  Medivac x2  
  101  9:00  Marine x2  
  101  9:02  Marine  
  99  9:18  Marine  
  99  9:21  Marine  
  99  9:22  Marine  
  87  9:36  Marine  
  79  9:39  Marine x2  
  79  9:45  Medivac, Siege Tank  
  84  9:46  Medivac  
  88  9:54  Marine  
  88  9:57  Marine x2  
  90  10:11  Marine  
  91  10:14  Marine  
  91  10:15  Marine  
  91  10:17  Siege Tank  
  95  10:29  Marine  
  95  10:33  Marine  
  97  10:38  Marine  
  97  10:40  Medivac  
  100  10:46  Supply Depot  
  100  10:47  Supply Depot, Marine  
  100  10:49  Supply Depot  
  101  10:53  Factory  
  101  10:55  Factory  
  101  10:56  Terran Infantry Weapons Level 2, Terran Infantry Armor Level 2  
  101  11:07  Medivac, Siege Tank, Marine x3  
  109  11:15  Supply Depot  
  109  11:17  Supply Depot  
  109  11:18  Supply Depot  
  109  11:19  Supply Depot x2  
  109  11:21  Supply Depot  
  108  11:40  SCV x3  
  108  11:43  Factory Tech Lab  
  108  11:44  Factory Tech Lab  
  111  11:58  Barracks Reactor, Marine  
  111  11:59  Marine x2  
  114  12:27  Marine  
  114  12:28  Marine x2  
  114  12:29  Siege Tank x2  
  126  12:30  Medivac, Siege Tank  
  126  12:31  Medivac  
  130  12:37  Terran Vehicle Weapons Level 1  
  130  12:45  Marine x2  
  130  12:47  Supply Depot  
  130  12:49  Supply Depot  
  130  12:50  Supply Depot  
  132  12:58  SCV x2  
  134  12:59  SCV  
  134  13:01  Siege Tank  
  134  13:03  Marine x3  
  134  13:05  Siege Tank x2  
  147  13:06  Medivac x2, Command Center  
  147  13:07  Command Center  
  147  13:11  Barracks x2  
  147  13:12  Barracks  
  151  13:20  Marine  
  152  13:33  Siege Tank  
  155  14:12  Ghost Academy  
  155  14:13  Ghost Academy  
  155  14:14  Ghost Academy  
  155  14:15  Marine x3  
  155  14:16  Siege Tank x2, Ghost Academy  
  155  14:17  Siege Tank  
  167  14:20  Marine x3  
  167  14:22  Orbital Command  
  167  14:23  Orbital Command  
  170  14:31  Terran Vehicle And Ship Armor Level 1  
  170  14:32  Marine  
  170  14:33  Marine x2  
  170  14:38  Marine x3  
  176  14:50  Marine x2  
  176  14:51  Marine  
  179  14:55  Marine  
  179  14:56  Marine x2  
  162  15:45  Marine  
  162  15:46  Marine x5  
  162  15:48  Medivac x2, Siege Tank x3  
  181  16:03  Marine x2  
  181  16:04  Marine x2  
  171  16:18  Medivac x2  
Show
View Real Time Build Order
Export as new Build Order

DarkTemplar Protoss 

Build Orders:  

Get SALT Encoding   

  12  0:01  Probe  
  13  0:14  Probe  
  14  0:21  Pylon  
  14  0:26  Probe  
  15  0:30  Assimilator  
  15  0:38  Probe  
  16  0:46  Probe  
  16  0:47  Gateway  
  16  0:54  Probe  
  18  1:05  Probe  
  18  1:10  Assimilator  
  19  1:17  Probe  
  20  1:28  Pylon  
  20  1:29  Probe  
  21  1:35  Cybernetics Core  
  21  1:49  Probe  
  21  1:53  Warp Gate  
  22  2:10  Nexus  
  22  2:12  Probe  
  22  2:13  Assimilator  
  25  2:36  Robotics Facility  
  23  2:39  Stalker  
  23  2:43  Probe  
  26  2:55  Probe  
  27  3:00  Forge  
  27  3:07  Probe  
  28  3:19  Probe  
  29  3:21  Observer  
  29  3:22  Probe  
  29  3:24  Gateway  
  30  3:31  Probe  
  32  3:35  Probe  
  32  3:38  Warp Prism  
  35  3:51  Probe x2, Protoss Ground Weapons Level 1  
  37  3:58  Pylon  
  37  4:03  Probe  
  38  4:11  Immortal  
  38  4:18  Twilight Council  
  38  4:20  Pylon  
  42  4:24  Probe  
  42  4:25  Probe  
  42  4:30  Stalker  
  46  4:48  Photon Cannon  
  46  4:52  Zealot  
  48  5:07  Photon Cannon  
  48  5:11  Photon Cannon  
  48  5:17  Zealot x2  
  48  5:19  Dark Shrine  
  52  5:29  Probe x2  
  54  5:41  Probe x2, Zealot  
  54  5:42  Zealot, Protoss Ground Weapons Level 2  
  60  5:53  Probe x2  
  60  5:59  Immortal  
  58  6:20  Probe x2  
  60  6:28  Robotics Bay  
  60  6:35  Robotics Facility  
  60  6:36  Assimilator  
  60  6:39  Pylon  
  60  6:44  Pylon  
  60  6:56  Nexus, Dark Templar  
  60  6:57  Dark Templar  
  60  6:58  Assimilator  
  64  7:04  Assimilator  
  64  7:09  Gateway  
  64  7:10  Charge  
  64  7:13  Gateway  
  64  7:15  Gateway  
  64  7:34  Dark Templar x2  
  64  7:59  Protoss Ground Armor Level 1  
  60  8:19  Stalker  
  62  8:20  Stalker  
  62  8:25  Colossus  
  70  8:36  Gateway  
  70  8:38  Probe x3  
  73  8:50  Probe  
  68  9:04  Probe x3  
  68  9:07  Stalker  
  68  9:08  Stalker x2  
  79  9:15  Dark Templar  
  79  9:16  Dark Templar  
  67  9:18  Colossus  
  67  9:42  Zealot  
  67  9:43  Zealot  
  67  10:17  Dark Templar x2  
  67  10:19  Dark Templar x2  
  69  10:34  Colossus  
  69  10:48  Probe x2  
  77  11:09  Probe  
  74  11:12  Pylon  
  74  11:14  Pylon  
  74  11:16  Pylon  
  61  11:34  Colossus  
Show
View Real Time Build Order
Export as new Build Order

fortes Zerg 

Build Orders: Pool First 

Get SALT Encoding   

  12  0:01  Drone  
  13  0:09  Drone  
  14  0:18  Overlord  
  14  0:25  Extractor  
  14  0:26  Drone  
  15  0:39  Drone x2  
  17  0:45  Drone  
  18  0:56  Spawning Pool  
  17  0:58  Drone  
  18  1:06  Drone  
  19  1:18  Drone  
  20  1:33  Drone  
  20  1:36  Hatchery  
  20  1:39  Drone  
  21  1:48  Extractor  
  21  1:52  Drone  
  21  2:12  Drone  
  22  2:17  Overlord  
  22  2:28  Extractor  
  21  2:32  Drone  
  22  2:37  Hatchery  
  22  2:39  Drone  
  22  2:46  Hatchery  
  22  2:48  Drone  
  22  3:03  Drone x3  
  22  3:04  Queen  
  27  3:08  Queen  
  29  3:16  Metabolic Boost  
  29  3:19  Drone  
  31  3:20  Drone  
  31  3:25  Drone x2  
  33  3:44  Zergling x6  
  33  3:45  Overlord  
  36  3:53  Queen  
  36  3:55  Drone  
  39  3:57  Queen  
  39  3:59  Drone  
  42  4:18  Drone  
  42  4:21  Drone  
  42  4:22  Drone x5  
  49  4:37  Queen x2  
  45  4:54  Spine Crawler  
  45  4:56  Spine Crawler  
  45  4:58  Drone x3  
  40  5:03  Spine Crawler  
  40  5:05  Spine Crawler  
  37  5:08  Zergling x2  
  37  5:09  Zergling x2  
  37  5:11  Drone  
  40  5:26  Zergling x12  
  46  5:36  Overlord  
  46  5:38  Overlord  
  46  5:47  Spine Crawler  
  45  6:01  Drone x3  
  45  6:02  Drone x5  
  53  6:30  Hatchery  
  52  6:35  Drone x6  
  58  6:51  Extractor  
  57  6:55  Lair  
  57  7:01  Evolution Chamber  
  56  7:11  Drone x4  
  60  7:24  Overlord x2  
  60  7:31  Lair  
  60  7:44  Hatchery  
  60  7:45  Drone  
  60  7:59  Drone x2  
  60  8:00  Drone x5  
  67  8:07  Drone  
  68  8:17  Queen  
  70  8:20  Drone x3  
  73  8:28  Spine Crawler  
  73  8:32  Spine Crawler  
  71  8:35  Spine Crawler  
  71  8:38  Spine Crawler  
  71  8:39  Extractor  
  68  8:46  Zergling x2  
  68  8:47  Zergling x16  
  61  9:17  Roach Warren, Zergling x16  
  65  9:30  Spine Crawler  
  64  9:40  Spine Crawler  
  64  9:42  Zergling x2  
  64  9:43  Spine Crawler, Zergling x22  
  74  9:48  Queen  
  76  9:58  Roach x4  
  84  10:09  Hydralisk Den  
  83  10:33  Roach x2  
  83  10:34  Overlord x2  
  83  10:35  Overlord  
  87  10:37  Overlord  
  87  11:20  Spine Crawler  
  87  11:21  Spine Crawler  
  85  11:29  Hydralisk x9  
  85  11:30  Hydralisk x7  
  117  11:40  Hatchery  
  116  11:47  Hydralisk  
  116  11:48  Hydralisk  
  116  11:50  Overlord x2  
  120  12:10  Spawning Pool  
  120  12:12  Spire  
  120  12:13  Hydralisk x3  
  120  12:14  Hydralisk x6  
  136  12:22  Spore Crawler  
  133  12:25  Spore Crawler  
  128  12:45  Spore Crawler  
  128  12:47  Spore Crawler  
  126  12:53  Overlord x2  
  100  13:25  Ravager x3  
  103  13:28  Hydralisk x10  
  103  13:29  Hydralisk x3  
  129  13:37  Lair  
  129  13:59  Corruptor x2  
  129  14:01  Overlord x3  
  56  14:31  Corruptor x3  
  56  14:32  Corruptor x8  
  56  14:37  Drone x3  
  77  14:51  Drone x2  
  77  14:58  Spore Crawler  
  77  14:59  Spore Crawler  
  75  15:00  Spore Crawler  
  75  15:06  Spore Crawler  
  73  15:09  Drone x6, Spore Crawler  
  73  15:10  Drone x5  
  83  15:35  Hydralisk x2  
  61  15:36  Hydralisk x6  
  77  15:46  Hydralisk x2  
  77  15:49  Zergling x8  
  85  15:54  Hydralisk  
  85  16:00  Extractor  
  78  16:05  Extractor  
  71  16:25  Spore Crawler  
  64  16:26  Hydralisk  
  64  16:27  Spore Crawler, Hydralisk x2  
  62  16:32  Hydralisk  
  62  16:33  Hydralisk  
  62  16:36  Zergling x2  
  62  16:37  Zergling x6  
Show
View Real Time Build Order
Export as new Build Order

Pryce Protoss - Winner!

Build Orders:  

Get SALT Encoding   

  12  0:01  Probe  
  13  0:13  Probe  
  14  0:25  Probe  
  15  0:34  Pylon  
  15  0:44  Assimilator  
  15  0:58  Gateway  
  15  1:00  Probe  
  16  1:12  Probe  
  17  1:25  Probe  
  18  1:30  Assimilator  
  18  1:33  Pylon  
  18  1:37  Probe  
  19  1:49  Probe  
  19  1:53  Cybernetics Core  
  20  1:57  Pylon  
  20  2:01  Probe  
  21  2:43  Nexus  
  21  2:47  Pylon  
  21  3:00  Pylon  
  21  3:13  Assimilator  
  21  3:19  Gateway  
  21  3:39  Shield Battery  
  21  3:43  Shield Battery  
  21  3:51  Probe  
  22  4:00  Probe  
  22  4:09  Probe  
  24  4:21  Probe  
  25  4:33  Probe  
  26  4:45  Probe  
  26  4:46  Stargate  
  26  4:50  Stargate  
  27  4:58  Probe, Pylon  
  28  5:03  Warp Gate  
  28  5:11  Gateway  
  28  5:25  Stalker  
  28  5:26  Assimilator, Stalker  
  32  5:51  Stalker  
  32  5:54  Stalker  
  36  6:10  Void Ray  
  40  6:16  Adept  
  42  6:21  Stalker  
  42  6:24  Adept  
  46  6:32  Probe  
  47  6:40  Probe  
  47  6:43  Void Ray, Adept  
  50  6:49  Probe  
  50  6:50  Probe  
  50  6:51  Adept, Stalker  
  60  6:57  Protoss Air Weapons Level 1  
  60  7:01  Probe  
  61  7:02  Probe  
  62  7:13  Probe  
  62  7:14  Probe  
  66  7:28  Probe  
  64  7:36  Probe  
  65  7:39  Pylon  
  65  7:43  Pylon  
  66  7:46  Probe, Void Ray  
  66  7:49  Void Ray  
  66  7:50  Fleet Beacon  
  75  8:28  Void Ray  
  75  8:32  Void Ray  
  83  8:34  Adept  
  85  8:49  Adept  
  85  8:52  Stalker  
  89  9:19  Pylon  
  89  9:21  Pylon  
  89  9:23  Pylon  
  89  9:25  Carrier  
  89  9:27  Pylon, Tempest  
  89  9:28  Pylon  
  101  10:07  Tempest  
  107  10:42  Carrier, Tempest  
  107  10:53  Protoss Air Armor Level 1  
  119  11:25  Tempest  
  125  11:38  Pylon  
  125  11:41  Pylon  
  125  11:45  Pylon  
  125  11:49  Probe  
  125  11:50  Mothership  
  125  11:51  Probe  
  127  12:07  Pylon  
  127  12:08  Carrier x2  
  147  12:28  Pylon  
  147  12:38  Shield Battery  
  147  12:42  Shield Battery  
  147  12:47  Protoss Air Weapons Level 2  
  147  13:05  Pylon  
  137  13:31  Stargate  
  137  13:33  Tempest  
  143  13:38  Pylon  
  143  13:44  Graviton Catapult  
  143  14:16  Tempest  
  139  15:24  Carrier  
  139  15:29  Tempest  
  139  15:32  Carrier  
  157  16:12  Tempest  
Show
View Real Time Build Order
Export as new Build Order

bertman Terran 

Build Orders:  

Get SALT Encoding   

  12  0:02  SCV  
  13  0:26  Supply Depot  
  13  0:29  SCV  
  14  0:41  SCV  
  15  1:03  Barracks  
  15  1:17  SCV  
  16  1:26  Refinery  
  16  1:56  Marine  
  16  2:00  Orbital Command  
  17  2:10  Supply Depot  
  17  2:34  Barracks Reactor  
  17  2:56  Barracks  
  17  3:05  Refinery  
  17  3:18  Marine x2  
  19  3:32  Factory  
  19  3:35  Marine  
  19  3:36  Marine  
  21  3:48  Engineering Bay  
  21  3:53  Marine x2  
  23  4:01  Barracks Tech Lab  
  23  4:11  Command Center, Marine x2  
  25  4:20  Terran Infantry Armor Level 1  
  25  4:29  Marine x2  
  28  4:34  Factory Tech Lab  
  27  4:47  Marine x2  
  29  4:57  Starport  
  29  5:05  Marine x2  
  31  5:19  Missile Turret  
  31  5:23  Siege Tank  
  34  6:01  Missile Turret  
  34  6:06  Siege Tank  
  34  6:10  Starport Tech Lab  
  37  6:17  SCV  
  38  6:27  Missile Turret  
  38  6:30  SCV  
  39  6:42  SCV  
  39  6:46  Missile Turret  
  40  6:49  Medivac  
  40  6:54  SCV  
  43  6:55  Refinery  
  43  7:06  SCV  
  44  7:18  SCV, Supply Depot x2  
  45  7:30  SCV  
  45  7:32  Missile Turret  
  46  7:39  Medivac, Siege Tank  
  46  7:42  SCV  
  52  7:54  SCV  
  53  8:06  SCV  
  54  8:18  SCV  
  55  8:21  Medivac  
  57  8:33  Refinery  
  57  8:43  Command Center  
  57  8:47  Supply Depot  
  57  8:48  Marine  
  57  8:49  Marine x2  
  57  8:51  Medivac  
  62  9:08  Marine x2  
  64  9:15  SCV  
  65  9:21  Viking  
  65  9:23  Orbital Command  
  67  9:30  Starport  
  67  9:44  Refinery  
  67  9:51  Viking  
  69  10:01  Command Center  
  69  10:14  Terran Infantry Weapons Level 1  
  69  10:25  Armory  
  69  10:30  Supply Depot  
  69  10:41  SCV  
  70  10:51  Siege Tank, Viking  
  70  10:52  Supply Depot  
  70  10:53  SCV  
  76  10:58  Starport Reactor  
  76  11:13  SCV  
  77  11:21  Supply Depot  
  77  11:25  Refinery  
  77  11:26  SCV  
  77  11:30  Cloaking Field  
  78  11:34  Stimpack  
  78  11:38  SCV  
  79  11:44  Terran Vehicle And Ship Armor Level 1  
  79  11:50  SCV  
  80  12:02  SCV  
  81  12:14  SCV  
  82  13:01  Terran Infantry Weapons Level 2  
  56  13:16  Viking x3  
  51  13:31  Missile Turret  
  51  13:46  Viking x3  
  57  13:53  Missile Turret  
  57  13:58  Starport  
  57  14:05  Terran Ship Weapons Level 1  
  57  14:14  Armory  
  57  14:16  Viking x3  
  63  14:22  Marine  
  63  14:23  Marine x2  
  66  14:31  Supply Depot  
  66  14:36  Siege Tank  
  69  14:40  Starport Reactor, Marine x2  
  69  14:41  Marine  
  72  14:46  Viking  
  74  14:54  Supply Depot  
  74  14:58  Marine x3  
  75  15:08  Siege Tank  
  62  15:16  Marine x3, Viking  
  51  15:34  Marine  
  51  15:40  Siege Tank  
  58  15:46  Banshee  
  49  16:00  Starport  
  31  16:44  Starport Tech Lab  
Tags
 
Add a new tag
Caveats
  • Supply blocks, unpowered buildings, or Contaminate may cause inaccurate times.
  • Supply counts are checked every 10 seconds.